 Dungeon Crawl Stone Soup version 0.27.0-1-g7a089689b8 (webtiles) character file.

Game seed: 5905344518294073604

47 Leeroy the Slasher (level 3, -3/28 HPs)
             Began as a Djinni Warper on Aug 6, 2021.
             Slain by an iguana (9 damage)
             ... on level 2 of the Dungeon.
             The game lasted 00:02:12 (1372 turns).

Leeroy the Slasher (Djinni Warper)                  Turns: 1372, Time: 00:02:13

Health: -3/28      AC:  8    Str: 10    XL:     3   Next: 97%
Gold:   49         EV: 11    Int: 15    God:
                   SH:  0    Dex: 12

rFire    + + .     SeeInvis .   a - +0 falchion
rCold    x . .     Faith    .   (no shield)
rNeg     . . .     Spirit   .   b - +0 leather armour
rPois    ∞         Reflect  .   (no helmet)
rElec    .         Harm     .   (no cloak)
rCorr    .         Rampage  .   f - +0 pair of gloves
Will     .....                  (boots unavailable)
Stlth    +.........             (no amulet)
HPRegen  0.09/turn              l - +4 ring of protection
MPRegen  0.00/turn              (no ring)

@: flying
A: sickness immunity, fire resistance 2, cold vulnerability 1, float, innate
caster, hp casting, extra vitality 1
a: no special abilities


You were on level 2 of the Dungeon.
You visited 1 branch of the dungeon, and saw 2 of its levels.

You collected 49 gold pieces.

Inventory:

Hand Weapons
 a - a +0 falchion (weapon)
Missiles
 d - 5 boomerangs of dispersal (quivered)
Armour
 b - a +0 leather armour (worn)
 f - a +0 pair of gloves (worn)
Jewellery
 g - an amulet of faith
 l - a +4 ring of protection (left hand)
Scrolls
 c - a scroll of blinking
 e - a scroll of torment
 h - a scroll of enchant armour {unknown}
 i - a scroll of fear {unknown}
 k - 2 scrolls of identify
 m - a scroll of immolation {unknown}
Potions
 j - a potion of curing


   Skills:
 - Level 2.0 Fighting
 + Level 3.6 Long Blades
 - Level 0.7 Throwing
 - Level 1.0 Armour
 - Level 2.1 Dodging
 - Level 2.4 Spellcasting


You couldn't memorise any spells.
You knew the following spells:

 Your Spells              Type           Power      Damage    Failure   Level
a - Blink                 Tloc           N/A        N/A       16%         2
b - Lesser Beckoning      Tloc           4%         N/A       32%         3
c - Gell's Gravitas       Tloc           4%         N/A       32%         3
d - Teleport Other        Tloc           9%         N/A       32%         3
e - Manifold Assault      Tloc           9%         N/A       96%         5
f - Animate Skeleton      Necr           18%        N/A       11%         1
Your spell library was empty.

Dungeon Overview and Level Annotations

Branches:
Dungeon (2/15)

Altars:


Innate Abilities, Weirdness & Mutations

You are immune to sickness and miasma.
You are immune to poison.
Your flesh is very heat resistant. (rF++)
You are vulnerable to cold. (rC-)
You float through the air rather than walking.
You learn spells naturally, not from books.
Your magical power is your life essence.
You have superior vitality. (+4 HP)


Message History

No target in view!
No target in view!
An iguana is nearby!
An iguana is nearby!
An iguana is nearby!
The iguana hisses angrily.
Found 21 stones.
You closely miss the iguana. The iguana bites you!
The iguana hisses menacingly.
The iguana bites you but does no damage.
You hit the iguana.
The iguana is lightly wounded.
The iguana bites you.
You hit the iguana.
The iguana is moderately wounded.
The iguana closely misses you.
You hit the iguana but do no damage.
The iguana is moderately wounded.
The iguana barely misses you.
You riposte.
You hit the iguana but do no damage.
The iguana is moderately wounded.
You barely miss the iguana.
The iguana is moderately wounded.
The iguana bites you.
You hit the iguana but do no damage.
The iguana is moderately wounded.
The iguana bites you!
* * * LOW HITPOINT WARNING * * *
You are too injured to fight recklessly!
You are too injured to fight recklessly!
Casting: Blink (safe; 16% risk of failure)
Confirm with . or Enter, or press ? or * to list all spells.
You blink.
* * * LOW HITPOINT WARNING * * *
Unknown command.
It was a potion of curing.
You feel better. The iguana barely misses you.
As you read the scroll labelled HERAFA PIMAOL, it crumbles to dust.
It is a scroll of identify.
e - a scroll of torment The iguana bites you!
You die...

#. #. .. . #. ...#.#. ..
#. #.(...# ...###.####
#.#...## ........@.#
#.#....### ...(...l..#
#.#..#....
#(.......######....##...
#..>....................
#..!.......####..#..#.<.
#.....!..#........†.##..
#........#####..........
#........# ####.....##
.........## #.....#.


You could see an iguana.

Vanquished Creatures
  A dart slug (D:2)
  An orc (D:2)
  3 bats
  An endoplasm (D:1)
  2 giant cockroaches
  4 hobgoblins
  9 jackals
  5 ball pythons
  5 frilled lizards
  2 goblins
  3 kobolds (D:1)
  5 rats
41 creatures vanquished.

Notes
Turn   | Place    | Note
-------+----------+-------------------------------------------
     0 | D:1      | Leeroy the Djinni Warper began the quest for the Orb.
     0 | D:1      | Reached XP level 1. HP: 18/18 MP: 0/0
   175 | D:1      | Reached skill level 2 in Long Blades
   270 | D:1      | Reached XP level 2. HP: 22/23 MP: 0/0
   471 | D:1      | Reached XP level 3. HP: 28/28 MP: 0/0
   471 | D:1      | Learned a level 1 spell: Animate Skeleton
   501 | D:1      | Found a faded altar of an unknown god.
   605 | D:1      | Reached skill level 3 in Long Blades
  1372 | D:2      | Slain by an iguana

Illustrated notes

Levels and vault maps discovered:
D:1:      dpeg_arrival_arbitrary_a, layout_basic,
          shapermc_ecumenical_altar_rom_forum
D:2:      layout_rooms

Skill      XL: |  1  2  3 |
---------------+----------+-----
Long Blades    | 2 3 |  3.6
Fighting       | |  2.0
Throwing       | |  0.7
Armour         | |  1.0
Dodging        | |  2.1
Spellcasting   | |  2.4

Action                   || total
-------------------------++-------
Melee: Falchion          ||   111
 Cast: Blink             ||     3
       Animate Skeleton  ||     2
  Use: Scroll            ||     1
       Potion            ||     1
Armor: Leather armour    ||    56
Dodge: Dodged            ||    94
       Rpst.: Falchion   ||    37
